Map: Terraform LE (Void)

Players

Namshar

  • Race: Zerg Zerg
  • League: Grandmaster

Bobby (TheStC) - Winner!

  • Race: Terran Terran
  • League: Master

Event: Lycan League Weekly July #1

VOD

Have the link to the VOD?

Description

Time

  • Played on: July 20, 2015, 2:23 p.m.
  • Length: 10:45

All games in this series

Show
View Real Time Build Order
Export as new Build Order

Namshar Zerg 

Build Orders: Hatch First, Muta Ling Bane 

Get SALT Encoding   

  12  0:01  Drone  
  13  0:10  Drone  
  14  0:19  Drone, Extractor  
  14  0:20  Extractor  
  14  0:21  Drone  
  16  0:44  Hatchery  
  15  0:55  Spawning Pool  
  14  1:03  Overlord  
  14  1:10  Drone, Extractor x2  
  13  1:12  Extractor  
  13  1:14  Drone  
  15  1:23  Drone  
  16  1:26  Drone  
  17  1:38  Drone  
  18  1:42  Queen  
  18  1:46  Drone  
  21  1:55  Queen  
  21  1:57  Drone  
  21  1:58  Zergling x2  
  25  2:06  Overlord  
  25  2:11  Metabolic Boost  
  25  2:16  Drone  
  25  2:18  Drone  
  27  2:25  Drone  
  27  2:28  Drone  
  29  2:39  Drone, Overlord  
  29  2:42  Zergling x2  
  31  2:50  Zergling x2  
  32  2:54  Drone x4  
  36  3:01  Drone x2  
  38  3:08  Drone x5  
  43  3:20  Overlord  
  43  3:22  Hatchery  
  42  3:30  Queen  
  42  3:31  Extractor  
  43  3:34  Overlord  
  43  3:38  Queen  
  43  3:40  Drone x2  
  47  3:41  Drone  
  47  3:42  Drone  
  49  3:49  Overlord  
  49  4:03  Drone x2  
  49  4:04  Baneling Nest  
  49  4:07  Queen  
  52  4:13  Roach Warren  
  52  4:21  Overlord  
  52  4:22  Queen  
  54  4:26  Evolution Chamber, Drone x2  
  54  4:27  Evolution Chamber, Drone x6  
  60  4:36  Zergling x6  
  63  4:39  Drone  
  63  4:40  Baneling Nest, Drone x2  
  63  4:43  Drone  
  65  4:47  Drone  
  65  4:53  Zergling x6  
  67  5:02  Zergling x10  
  70  5:12  Zergling x4  
  67  5:23  Drone x3  
  67  5:24  Drone  
  67  5:28  Drone x2, Extractor  
  73  5:29  Lair  
  73  5:30  Extractor  
  73  5:31  Zerg Ground Armor Level 1  
  73  5:33  Overlord x2  
  73  5:34  Drone x2  
  73  5:35  Drone  
  74  5:45  Drone  
  74  5:46  Drone x5  
  80  5:51  Drone, Extractor  
  80  5:52  Drone  
  81  5:57  Drone  
  81  5:58  Drone x4  
  81  6:00  Zerg Melee Weapons Level 1  
  81  6:02  Zergling x2  
  81  6:03  Zergling x2  
  87  6:17  Drone  
  88  6:19  Extractor  
  88  6:24  Drone x2  
  89  6:28  Hatchery, Centrifical Hooks, Spire  
  89  6:29  Baneling x2  
  89  6:30  Zergling x4  
  89  6:40  Overlord x4  
  89  6:41  Pneumatized Carapace  
  89  6:43  Overseer  
  89  6:50  Baneling x2  
  89  6:54  Hatchery, Zergling x2  
  89  6:57  Overlord x2  
  89  7:00  Zergling x20  
  89  7:01  Drone  
  100  7:03  Baneling  
  100  7:04  Drone, Baneling  
  100  7:05  Overlord  
  100  7:07  Burrow  
  101  7:18  Zergling x14  
  101  7:20  Baneling x10  
  101  7:36  Drone x2  
  103  7:38  Queen  
  103  7:42  Mutalisk  
  103  7:43  Mutalisk x2  
  108  7:47  Zergling x2  
  108  7:48  Zergling x16  
  117  8:00  Zergling x8  
  121  8:07  Zerg Ground Armor Level 2, Zerg Melee Weapons Level 2  
  121  8:10  Zergling x16  
  128  8:18  Zergling x10  
  132  8:23  Extractor  
  132  8:25  Mutalisk, Extractor  
  132  8:26  Mutalisk  
  133  8:32  Zergling x6  
  136  8:46  Drone  
  136  8:47  Drone x4  
  141  8:49  Drone x4  
  141  8:51  Mutalisk x3  
  151  9:03  Overlord  
  151  9:04  Hatchery, Overlord x5  
  150  9:15  Mutalisk x4  
  158  9:24  Drone x4  
  158  9:26  Drone  
  158  9:27  Drone x6  
  158  9:28  Drone  
  170  9:33  Mutalisk  
  170  9:34  Mutalisk x2  
  170  9:37  Baneling  
  170  9:38  Baneling x5  
  171  9:41  Baneling x3  
  128  10:02  Zergling x6  
  128  10:03  Zergling x38  
  144  10:09  Mutalisk x3  
  148  10:15  Zergling x2  
  148  10:16  Zergling x8  
  151  10:21  Baneling  
  151  10:22  Baneling x10  
  153  10:35  Hatchery  
Show
View Real Time Build Order
Export as new Build Order

Bobby Terran - Winner!

Build Orders: Hellion Opening, Reaper Expand, Bio Tank 

Get SALT Encoding   

  12  0:01  SCV  
  13  0:13  SCV  
  14  0:17  Supply Depot  
  14  0:25  SCV  
  15  0:39  SCV  
  15  0:42  Barracks  
  16  0:45  Refinery  
  16  0:51  SCV  
  17  1:03  SCV  
  18  1:15  SCV  
  19  1:29  Reaper, Orbital Command  
  20  1:39  Command Center  
  20  1:48  Supply Depot  
  20  1:54  SCV  
  21  2:01  Marine  
  21  2:06  Factory  
  22  2:10  SCV  
  23  2:22  SCV  
  24  2:25  Barracks Reactor  
  24  2:34  SCV  
  25  2:38  Command Center  
  25  2:47  SCV  
  26  2:51  Orbital Command  
  26  2:59  SCV  
  26  3:05  Hellion x2  
  31  3:09  Barracks Tech Lab  
  31  3:11  SCV  
  32  3:18  SCV  
  33  3:23  SCV  
  33  3:26  Hellion  
  33  3:27  Hellion  
  38  3:31  Stimpack, Marine  
  38  3:32  SCV  
  40  3:35  SCV  
  41  3:44  SCV  
  41  3:47  SCV  
  43  3:49  Hellion  
  43  3:50  Hellion, Barracks x2  
  43  3:52  Orbital Command  
  48  3:58  SCV  
  48  3:59  SCV  
  49  4:05  Refinery  
  49  4:06  Refinery  
  49  4:07  Refinery, Marine  
  50  4:11  SCV x2  
  50  4:14  Starport  
  52  4:22  Engineering Bay  
  52  4:23  SCV, Engineering Bay, Factory Reactor  
  52  4:24  SCV  
  54  4:26  Orbital Command  
  54  4:31  Marine  
  54  4:32  Bunker  
  54  4:34  Supply Depot  
  54  4:36  SCV x2  
  57  4:40  Barracks Reactor x2  
  57  4:48  SCV  
  57  4:49  Terran Infantry Weapons Level 1, Marine  
  57  4:52  SCV  
  56  5:00  SCV  
  54  5:09  Marauder  
  54  5:12  SCV x2  
  54  5:13  SCV  
  57  5:14  Factory Tech Lab  
  57  5:21  Marine x4  
  55  5:22  Medivac x2  
  55  5:28  SCV x3  
  61  5:31  Marauder  
  64  5:38  Barracks x2  
  64  5:40  Siege Tank  
  64  5:42  Marine x2  
  69  5:50  Supply Depot  
  69  5:51  Terran Infantry Armor Level 1, Supply Depot  
  69  5:53  Combat Shields  
  69  6:11  SCV x2, Medivac x2, Marine x2  
  69  6:13  SCV, Marauder, Marine x2  
  82  6:19  Supply Depot  
  82  6:22  Supply Depot  
  82  6:23  Siege Tank  
  82  6:24  Supply Depot  
  85  6:32  Armory  
  85  6:37  Supply Depot  
  85  6:38  Supply Depot, Refinery x2  
  85  6:40  SCV x3, Marauder, Marine x3  
  85  6:43  Barracks Reactor, Marine  
  85  6:46  Marine x2  
  96  6:51  Barracks Reactor  
  96  6:52  SCV x3  
  99  6:58  Supply Depot, Marine x2  
  99  6:59  Supply Depot  
  99  7:00  Marine  
  102  7:01  Marine  
  102  7:02  Marauder  
  102  7:04  SCV x3  
  108  7:13  Factory  
  108  7:14  Marine x2  
  110  7:15  Marine  
  110  7:16  SCV x3  
  114  7:23  Terran Infantry Weapons Level 2  
  114  7:24  Marine  
  115  7:33  SCV x3  
  115  7:36  Marauder, Marine  
  120  7:39  Marine x5  
  120  7:41  Siege Tank  
  125  7:45  SCV x3  
  128  7:51  Sensor Tower  
  128  7:53  Marine x2  
  128  7:55  Medivac x2  
  128  7:57  SCV, Terran Infantry Armor Level 2  
  135  8:00  Missile Turret  
  135  8:02  Supply Depot  
  135  8:03  Supply Depot, Factory Tech Lab  
  135  8:04  Supply Depot x2  
  135  8:05  Marine x2  
  137  8:06  Marine  
  137  8:07  Marine  
  137  8:10  Marine  
  140  8:14  Marine  
  141  8:23  Marine x2  
  141  8:24  Siege Tank  
  146  8:29  Marine x2  
  146  8:31  Marine x2  
  146  8:32  Siege Tank  
  153  8:40  Bunker  
  153  8:41  Missile Turret x2  
  153  8:42  Missile Turret  
  153  8:45  Supply Depot  
  153  8:46  Missile Turret  
  153  8:47  Supply Depot  
  153  8:48  Marine x3  
  155  8:51  Marine  
  157  8:56  Siege Tank, Marine x3  
  157  8:57  Marine x2  
  157  8:58  Medivac x2  
  169  9:05  Marine  
  169  9:06  Marine x2  
  169  9:08  Marine  
  173  9:14  Marine  
  174  9:18  Marine  
  174  9:19  Marine x3  
  174  9:20  Siege Tank  
  174  9:22  Supply Depot  
  181  9:25  Supply Depot x2  
  180  9:36  Marine  
  180  9:37  Marine x8  
  177  9:57  Marine x6  
  164  10:02  Marine x3  
  164  10:03  Siege Tank x2  
  164  10:04  Medivac x2  
  174  10:14  Marine  
  174  10:15  Marine  
  174  10:17  Command Center  
  174  10:20  Barracks  
  176  10:21  Barracks  

Tags
 
Add a new tag
Caveats
  • Supply blocks, unpowered buildings, or Contaminate may cause inaccurate times.
  • Supply counts are checked every 10 seconds.